 Dungeon Crawl Stone Soup version 0.24.1-14-gf8d2b509d9 (webtiles) character file.

Game seed: 4296941537921700952, levelgen mode: deterministic

61 Descartes the Gusty (level 4, -1/22 HPs)
             Began as a Vine Stalker Wanderer on May 17, 2020.
             Slain by an orc priest
             ... wielding a +0 mace
              (2 damage)
             ... on level 3 of the Dungeon.
             The game lasted 00:06:40 (2697 turns).

Descartes the Gusty (Vine Stalker Wanderer)         Turns: 2697, Time: 00:06:42

Health: -1/22      AC:  2    Str: 14    XL:     4   Next: 7%
Magic:  0/8        EV: 11    Int: 16    God:
Gold:   157        SH:  0    Dex: 11    Spells: 4/8 levels left

rFire    . . .     SeeInvis .   a - +2 dagger
rCold    . . .     Gourm    .   (no shield)
rNeg     . . .     Faith    .   v - +0 leather armour
rPois    .         Spirit   +   (no helmet)
rElec    .         Reflect  .   g - -2 cloak (curse)
rCorr    .         Harm     .   (no gloves)
MR       +....                  (no boots)
Stlth    ++........             (no amulet)
HPRegen  0.47/turn              r - ring of wizardry
MPRegen  0.11/turn              e - ring of protection from magic

@: no status effects
A: fangs 2, regeneration 1, magic shield, antimagic bite, no potion heal 3, rot
immunity
a: no special abilities


You were on level 3 of the Dungeon.
You were not hungry.

You visited 1 branch of the dungeon, and saw 3 of its levels.

You collected 157 gold pieces.

Inventory:

Hand Weapons
 a - a +2 dagger (weapon)
Missiles
 b - 4 curare-tipped darts (quivered)
 c - 48 stones
Armour
 g - a cursed -2 cloak (worn)
 v - a +0 leather armour (worn)
Jewellery
 e - a ring of protection from magic (right hand)
 r - a ring of wizardry (left hand)
 s - an uncursed ring of resist corrosion
 u - a +5 ring of dexterity
Scrolls
 d - 2 scrolls of teleportation
 i - a scroll of immolation {unknown}
 j - a scroll of magic mapping {unknown}
 n - a scroll of enchant weapon {unknown}
 o - a scroll of fog {unknown}
 q - a scroll of amnesia
Potions
 h - a potion of cancellation {unknown}
 k - 3 potions of curing
 l - 2 potions of haste
 m - a potion of lignification {unknown}
 p - a potion of magic
Comestibles
 f - 7 rations
 t - 2 chunks of flesh


   Skills:
 + Level 1.1 Fighting
 - Level 1.0 Throwing
 + Level 0.8 Dodging
 + Level 2.2 Stealth
 + Level 2.5 Spellcasting
 + Level 0.2 Conjurations
   Level 2.0 Hexes
   Level 1.0 Necromancy
   Level 3.0 Air Magic
 * Level 2.0 Earth Magic


You had 4 spell levels left.
You knew the following spells:

 Your Spells              Type           Power        Failure   Level  Hunger
a - Sandblast             Erth           #.....       4%          1    #......
b - Stone Arrow           Conj/Erth      #.....       19%         3    ###....

Your spell library contained the following spells:

 Spells                   Type           Power        Failure   Level  Hunger


Dungeon Overview and Level Annotations

Branches:
Dungeon (3/15)

Altars:


Innate Abilities, Weirdness & Mutations

You have extremely sharp teeth.
Your natural rate of healing is unusually fast.
When hurt, damage is shared between your health and your magic reserves.
Your bite disrupts and absorbs the magic of your enemies.
Potions cannot restore your health.
You are immune to rotting.


Message History

The orc priest hits you with a +0 mace. The orc hits you but does no damage.
Your leather armour prevents you from hitting the orc priest.
Your bite misses the orc priest.
The orc priest is lightly wounded.
The orc priest hits you with a +0 mace.
* * * LOW HITPOINT WARNING * * *
The orc hits you.
You closely miss the orc priest.
The orc priest is lightly wounded.
The orc closely misses you.
The orc priest mumbles some strange prayers to Beogh against you.
Beogh smites you!
* * * LOW HITPOINT WARNING * * *
You barely miss the orc priest.
The orc priest is lightly wounded.
You hear some strange, mumbled words.
The orc hits you.
* * * LOW HITPOINT WARNING * * *
The orc priest hits you with a +0 mace.
You die...

#.......# #.......
#......# #.#
#......# #.#
#......# #.# .{....#
#.# #oo.# #.# #@#
#.# ##.# #.# ##..#
#.######..##..#
###...............
###....#.....####...
#.).#.##......... .
#<###.###########
#...#.#


You could see an orc priest and an orc.

Vanquished Creatures
  2 adders (D:2)
  2 dart slugs
  3 bats (D:1)
  4 giant cockroaches
  3 hobgoblins
  4 kobolds
  2 quokkas (D:2)
  2 ball pythons
  6 frilled lizards
  5 goblins
  8 rats
41 creatures vanquished.

Notes
Turn   | Place    | Note
-------+----------+-------------------------------------------
     0 | D:1      | Descartes the Vine Stalker Wanderer began the quest for the
                  | Orb.
     0 | D:1      | Descartes set off with the following items: a +2 dagger, 4
                  | curare-tipped darts, a scroll of teleportation, a +0 robe,
                  | a ration; and the following spell memorised: Sandblast; and
                  | the following spells available to memorise: Stone Arrow
     0 | D:1      | Reached XP level 1. HP: 9/9 MP: 4/4
   146 | D:1      | Reached XP level 2. HP: 3/14 MP: 4/6
   601 | D:1      | Reached skill level 1 in Earth Magic
  1314 | D:2      | Reached XP level 3. HP: 2/17 MP: 0/7
  2046 | D:2      | Reached skill level 1 in Fighting
  2052 | D:2      | Learned a level 3 spell: Stone Arrow
  2525 | D:2      | Gained mutation: Your natural rate of healing is unusually
                  | fast. [Vine Stalker growth]
  2525 | D:2      | Reached XP level 4. HP: 18/22 MP: 5/8
  2697 | D:3      | HP: 1/22 [orc (2)]
  2697 | D:3      | Slain by an orc priest

Levels and vault maps discovered:
D:1:      wander_arrival_chamber, layout_rooms
D:2:      layout_basic, first_ration
D:3:      layout_rooms

Skill      XL: |  1  2  3  4 |
---------------+-------------+-----
Earth Magic    | 1 2 |  2.0
Stealth        | 2 |  2.2
Fighting       | 1 |  1.1
Throwing       | |  1.0
Dodging        | |  0.8
Spellcasting   | |  2.5
Conjurations   | |  0.2
Hexes          | |  2.0
Necromancy     | |  1.0
Air Magic      | |  3.0

Action                   |  1- 3 |  4- 6 || total
-------------------------+-------+-------++-------
Melee: Dagger            |   105 |    28 ||   133
       Bite              |    20 |     2 ||    22
 Cast: Sandblast         |     1 |       ||     1
  Use: Scroll            |     3 |       ||     3
       Potion            |     1 |       ||     1
 Stab: Sleeping          |     7 |       ||     7
  Eat: Chunk             |     5 |     1 ||     6
Armor: Robe              |    18 |       ||    18
       Leather armour    |       |     5 ||     5
Dodge: Dodged            |    67 |    16 ||    83
